 Dungeon Crawl Stone Soup version 0.19-a0-1637-gfc13266 (webtiles) character file.

151230 Amnesiac the Thaumaturge (level 17, -2/102 HPs)
             Began as a Deep Elf Earth Elementalist on Sept 19, 2016.
             Was a High Priest of Ashenzari.
             Slain by a deep elf knight
             ... wielding a cursed -3 longbow
              (6 damage)
             ... on level 2 of the Elven Halls.
             The game lasted 01:38:56 (29135 turns).

Amnesiac the Thaumaturge (DEEE)                    Turns: 29135, Time: 01:38:56

Health: -2/102     AC: 11    Str:  9    XL:     17   Next: 0%
Magic:  21/45      EV:  2    Int: 23    God:    Ashenzari [*****.]
Gold:   1261       SH:  0    Dex: 22    Spells: 10 memorised, 6 levels left

rFire  . . .     SeeInvis +     j - +1 dagger (elec) (curse)
rCold  . . .     Gourm    .     k - +1 robe {MR+} (curse)
rNeg   + + +     Faith    .     b - +0 buckler
rPois  ∞         Spirit   .     (no helmet)
rElec  .         Dismiss  .     x - +2 cloak {MR+} (curse)
rCorr  .         Reflect  .     F - +2 pair of gloves (curse)
MR     +++..     Harm     .     (no boots)
Stlth  ++++++.... Clarity  +    e - amulet of regeneration
                                U - ring of magical power (curse)
                                g - +4 ring of strength (curse)

@: petrified, very slightly contaminated, repel missiles, drained
A: claws 1, icy blue scales 1, thin skeletal structure 1, wild magic 1
a: Curse Item, Scrying, Transfer Knowledge, Renounce Religion


You were on level 2 of the Elven Halls.
You worshipped Ashenzari.
Ashenzari was extremely pleased with you.
You were not hungry.

You visited 4 branches of the dungeon, and saw 18 of its levels.
You also visited: Bailey and Ice Cave.

You collected 1942 gold pieces.
You spent 681 gold pieces at shops.

Inventory:

Hand Weapons
 j - a cursed +1 dagger of electrocution (weapon)
 T - a +6 blowgun
Missiles
 K - 7 throwing nets (quivered)
 Q - 4 curare-tipped needles
Armour
 b - a +0 buckler (worn)
 k - a cursed +1 robe of magic resistance (worn)
 x - a cursed +2 cloak of magic resistance (worn)
 F - a cursed +2 pair of gloves (worn)
Magical Staves
 s - an uncursed staff of cold
Jewellery
 e - an amulet of regeneration (around neck)
 g - a cursed +4 ring of strength (left hand)
 i - an uncursed ring of flight
 m - an uncursed ring of wizardry
 o - the ring of the Many Spirits {rCorr +Fly}
   (You found it on level 1 of the Elven Halls)

   [ring of resist corrosion]

   It lets you fly.
 L - an uncursed ring of protection from cold
 U - a cursed ring of magical power (right hand)
Wands
 c - a wand of iceblast (9/15)
 h - a wand of hasting (3/9)
 p - a wand of confusion (31/48)
 y - a wand of lightning (3/15)
 A - a wand of enslavement (21/24)
 C - a wand of iceblast (5/15)
 J - a wand of paralysis (10/24)
 N - a wand of disintegration (24/24)
Scrolls
 f - 2 scrolls of identify
 l - 3 scrolls of blinking
 n - a scroll of remove curse
 q - a scroll of enchant weapon
 u - 3 scrolls of recharging
 v - 9 scrolls of teleportation
 H - a scroll of fear
Potions
 t - 9 potions of curing
 w - 2 potions of brilliance
 B - 5 potions of magic
 E - 3 potions of flight
 G - a potion of agility
 I - a potion of berserk rage
 M - a potion of ambrosia
 P - 2 potions of cure mutation
 V - 3 potions of might
Books
 a - a book of Spatial Translocations

   Spells                             Type                      Level
   a - Apportation                    Translocation                1
   b - Blink                          Translocation                2
   c - Shroud of Golubria             Charms/Translocation         2
   d - Portal Projectile              Translocation                3
   e - Teleport Other                 Translocation                3
   f - Passage of Golubria            Translocation                4
 z - a book of Cantrips

   Spells                             Type                      Level
   a - Confusing Touch                Hexes                        1
   b - Animate Skeleton               Necromancy                   1
   c - Summon Small Mammal            Summoning                    1
   d - Apportation                    Translocation                1
Comestibles
 r - 5 meat rations
 W - 9 royal jellies
 X - 6 beef jerkies
 Y - 8 fruits


   Skills:
 + Level 10.0(9.4) Fighting
 - Level 10.0(13.2) Short Blades
 - Level 12.1(13.9) Dodging
 - Level 11.0(12.8) Stealth
 - Level 4.0(3.6) Shields
 + Level 13.9(13.3) Spellcasting
 - Level 9.0(11.0) Conjurations
 - Level 8.1(10.2) Necromancy
 - Level 12.0(13.7) Transmutations
 * Level 13.3(15.0) Earth Magic


You had 6 spell levels left.
You knew the following spells:

 Your Spells              Type           Power        Failure   Level  Hunger
a - Repel Missiles        Chrm/Air       ###...       14%         2    None
b - Sublimation of Blood  Necr           ######....   1%          2    None
c - Swiftness             Chrm/Air       ###.....     14%         2    None
d - Irradiate             Conj/Tmut      #######...   1%          5    ###....
e - Petrify               Tmut/Erth      #######.     1%          4    None
f - Lee's Rapid Deconstr  Erth           #######...   1%          5    ###....
h - Statue Form           Tmut/Erth      #######..    3%          6    #####..
i - Ignite Poison         Fire/Tmut/Pois #####...     3%          3    None
v - Passwall              Tmut/Erth      #######...   1%          2    None
z - Iron Shot             Conj/Erth      #######...   6%          6    #####..


Dungeon Overview and Level Annotations

Branches:
Dungeon (12/15)            Temple (1/1) D:5            Lair (0/6) D:8
    Orc (2/2) D:12            Elf (3/3) Orc:2

Altars:
Ashenzari
Dithmenos
Elyvilon
Kikubaaqudgha
Makhleb
Ru
Trog
Zin
Beogh

Shops:
D:4 }[(*?   D:5 :   D:6 ?   Orc:2 *[[%(   Elf:1 !


Innate Abilities, Weirdness & Mutations

You have sharp fingernails.
You are partially covered in icy blue scales. (AC +2)
You have a somewhat thin skeletal structure. (Dex +2, Stealth)
Your spells are a little harder to cast, but a little more powerful.


Message History

You have turned to stone.
The deep elf knight casts a spell.
The mace of protection hits you!
The mace of protection hits you but does no damage.
The deep elf knight hits you with a longbow!
* * * LOW HITPOINT WARNING * * *
The mace of protection hits you but does no damage.
The deep elf knight gestures at you while chanting.
Helpless, you fail to dodge the stone arrow.
* * * LOW HITPOINT WARNING * * *
The mace of protection hits you!
* * * LOW HITPOINT WARNING * * *
The deep elf knight hits you with a longbow!
* * * LOW HITPOINT WARNING * * *
The mace of protection hits you but does no damage.
The deep elf knight casts a spell.
The mace of protection hits you!
* * * LOW HITPOINT WARNING * * *
The deep elf knight hits you with a longbow!
You die...

..........## ###.###.........#...
...........## #.###.#......##...
............# #.(.........###.##
............# ####...###### #...
....).......# #.e.#...# ##.##
#......)..))#####.#(#.#.#####.##.
##....)..(#).(#..(.........#.#..#
#......{..##)))e.##...##)....#.##
##........#§.§#(@(...........#..#
#..........'#####(#.#.#.#.....##.
....).......##.##...#...######.##
......).....##.####..)#### ##..
............##.# #..)...# ##.
...........###)# ##.#...#######.
.........{## #.#######...#.......
......#...# #.#...#.......##.##.
.....###...**##..........#.##.##.


You could see a deep elf knight, a deep elf mage and a mace of protection.

Vanquished Creatures
  Nikola (Elf:3)
  The ghost of Amnesiac the Brawler, an adept TrMo of Ashenzari (Elf:3)
  4 orc warlords
  A deep elf elementalist (Elf:1)
  A deep elf sorcerer (Elf:3)
  2 stone giants
  Snorg (Orc:1)
  A deep elf death mage (Elf:1)
  Erolcha (D:12)
  Harold (Orc:1)
  Fannar (Orc:1)
  Erica (Orc:1)
  10 dancing weapons
  7 orc high priests
  21 deep elf knights
  Urug (D:12)
  An unseen horror (D:10)
  11 deep elf archers
  A necromancer (IceCv)
  7 hill giants
  58 deep elf magi
  7 orc sorcerers
  15 orc knights
  2 ugly things (D:11)
  3 cyclopes
  An ice statue (IceCv)
  Psyche (D:9)
  2 gargoyles
  10 freezing wraiths (IceCv)
  6 trolls
  3 two-headed ogres
  4 hippogriffs
  4 air elementals
  3 shadows (D:12)
  5 water elementals
  19 yaks
  Sigmund (D:3)
  2 wyverns
  2 basilisks (D:8)
  4 fire bats (D:9)
  3 hungry ghosts
  4 vampire mosquitoes (D:12)
  A death yak simulacrum (IceCv)
  A fire elemental (Elf:1)
  Menkaure (D:5)
  2 soldier ants
  5 wargs
  A hell hound (D:9)
  A water moccasin (D:9)
  5 porcupines (D:8)
  16 ice beasts
  2 alligator simulacra (IceCv)
  58 orc warriors
  6 sky beasts
  An eye of draining (D:10)
  3 black bears
  14 ogres
  A wasp (D:8)
  7 centaurs
  4 phantoms
  2 crocodiles
  9 big kobolds
  4 gnoll sergeants (D:12)
  4 bullfrogs
  4 earth elementals
  A wyvern skeleton (D:10)
  A water moccasin skeleton (D:6)
  3 scorpions
  16 killer bees
  13 wights
  2 howler monkeys (D:12)
  2 lava snakes (D:9)
  5 crimson imps
  A centaur zombie (D:10)
  3 draconian simulacra (IceCv)
  2 quasits
  A wasp zombie (D:11)
  9 hounds
  3 jellies
  28 orc wizards
  2 centaur skeletons
  4 bullfrog skeletons
  26 orc priests
  4 iguanas
  7 worker ants
  5 troll simulacra (IceCv)
  2 spriggan simulacra (IceCv)
  A killer bee zombie (D:5)
  A wolf simulacrum (IceCv)
  2 centaur simulacra (IceCv)
  3 hound skeletons
  2 hound zombies
  A worker ant zombie (D:9)
  14 adders
  15 gnolls
  6 naga simulacra (IceCv)
  2 ogre simulacra (IceCv)
  6 river rats (D:8)
  2 shadow imps
  12 white imps (IceCv)
  2 oozes
  An adder zombie (D:8)
  2 worms
  2 dart slugs
  3 leopard geckos
  103 orcs
  9 giant cockroaches
  11 goblins
  14 hobgoblins
  56 kobolds
  7 quokkas
  16 bats
  3 frilled lizards
  A jackal zombie (D:5)
  A leopard gecko skeleton (D:5)
  37 rats
  3 fire vortices (D:9)
864 creatures vanquished.

Vanquished Creatures (others)
  A fungus (D:8)
  6 plants (D:8)
7 creatures vanquished.

Grand Total: 871 creatures vanquished

Notes
Turn   | Place    | Note
-------+----------+-------------------------------------------
     0 | D:1      | Amnesiac the Deep Elf Earth Elementalist began the quest for the Orb.
     0 | D:1      | Reached XP level 1. HP: 10/10 MP: 6/6
   171 | D:1      | Reached XP level 2. HP: 15/15 MP: 6/8
   175 | D:1      | Learned a level 2 spell: Passwall
   737 | D:2      | Reached XP level 3. HP: 19/19 MP: 9/9
   975 | D:3      | Found a shattered altar of Ashenzari.
  1014 | D:3      | Became a worshipper of Ashenzari the Shackled
  1803 | D:2      | Reached XP level 4. HP: 23/24 MP: 10/10
  1809 | D:2      | Learned a level 4 spell: Petrify
  2248 | D:3      | Noticed Sigmund
  2259 | D:3      | Killed Sigmund
  2259 | D:3      | Reached XP level 5. HP: 11/28 MP: 11/11
  2263 | D:3      | HP: 1/28 [adder (4)]
  2642 | D:3      | Found an ancient bone altar of Kikubaaqudgha.
  2672 | D:3      | Reached XP level 6. HP: 27/32 MP: 12/12
  3314 | D:4      | Found Azaofulepnil's Gadget Emporium.
  3337 | D:4      | Reached * piety under Ashenzari
  3348 | D:4      | Found Micwuem's Armour Shoppe.
  3363 | D:4      | Reached skill level 1 in Short Blades
  3375 | D:4      | Bought a +0 cloak of magic resistance for 161 gold pieces
  3496 | D:4      | Found Kucheror's General Store.
  3501 | D:4      | Found Leymur's Magic Scroll Emporium.
  3563 | D:4      | Found Saiqul's Antique Weapon Emporium.
  3981 | D:4      | Found a bloodstained altar of Trog.
  4114 | D:5      | Entered Level 5 of the Dungeon
  4302 | D:5      | Reached XP level 7. HP: 3/36 MP: 13/13
  4585 | D:5      | Found a staircase to the Ecumenical Temple.
  4610 | Temple   | Entered the Ecumenical Temple
  4627 | Temple   | Learned a level 1 spell: Sandblast
  4717 | D:5      | Reached skill level 5 in Earth Magic
  4743 | D:5      | Noticed Menkaure
  4781 | D:5      | Killed Menkaure
  5271 | D:5      | Found Veuhiet's Book Shop.
  5555 | D:4      | Bought a scroll of remove curse for 36 gold pieces
  5555 | D:4      | Bought a scroll of remove curse for 36 gold pieces
  5555 | D:4      | Bought a scroll of remove curse for 36 gold pieces
  5867 | D:5      | Reached skill level 5 in Stealth
  5884 | D:5      | Reached XP level 8. HP: 41/41 MP: 10/14
  6046 | D:5      | Noticed a hippogriff
  6049 | D:5      | Killed a hippogriff
  6049 | D:5      | Reached skill level 5 in Spellcasting
  6471 | D:6      | Gained mutation: You are surrounded by a mild repulsion field. (EV +2) [mutagenic meat]
  6474 | D:6      | Gained mutation: You have sharp toenails. [mutagenic meat]
  6656 | D:6      | Learned a level 2 spell: Repel Missiles
  6660 | D:6      | Learned a level 2 spell: Swiftness
  6666 | D:6      | Learned a level 5 spell: Lee's Rapid Deconstruction
  7097 | D:6      | Noticed a troll
  7116 | D:6      | Killed a troll
  7116 | D:6      | Reached XP level 9. HP: 20/45 MP: 8/24
  7300 | D:6      | Found Nevvyclu's Magic Scroll Emporium.
  7750 | D:7      | Found a glowing silver altar of Zin.
  7770 | D:7      | Reached ** piety under Ashenzari
  8427 | D:7      | Found a white marble altar of Elyvilon.
  9065 | D:8      | Found a flagged portal.
  9075 | Bailey   | Entered a bailey
  9080 | Bailey   | Noticed an orc warlord
  9406 | Bailey   | Found a runed gate.
  9406 | Bailey   | Found a runed gate.
  9506 | Bailey   | Found a runed gate.
  9511 | Bailey   | Noticed an orc knight
  9526 | Bailey   | Killed an orc knight
  9733 | Bailey   | Killed an orc warlord
  9733 | Bailey   | Reached skill level 5 in Short Blades
  9733 | Bailey   | Reached XP level 10. HP: 50/50 MP: 21/25
 10110 | D:8      | Found a bloodstained altar of Trog.
 10240 | D:8      | Reached skill level 5 in Dodging
 10541 | D:8      | Found a staircase to the Lair.
 11609 | D:8      | Reached XP level 11. HP: 54/54 MP: 22/26
 12112 | D:9      | Reached *** piety under Ashenzari
 12245 | D:9      | Noticed Psyche
 12279 | D:9      | Killed Psyche
 12279 | D:9      | Reached skill level 1 in Fighting
 13309 | D:10     | Entered Level 10 of the Dungeon
 13402 | D:10     | Gained mutation: You are frail. (-10% HP) [mutagenic meat]
 13405 | D:10     | Gained mutation: Your flesh is cold resistant. (rC+) [mutagenic meat]
 13537 | D:10     | Noticed a hill giant
 13542 | D:10     | Killed a hill giant
 13615 | D:10     | Noticed an unseen horror
 13629 | D:10     | Killed an unseen horror
 13993 | D:10     | Noticed a hill giant
 14004 | D:10     | Killed a hill giant
 14375 | D:10     | Lost mutation: You are surrounded by a mild repulsion field. (EV +2) [potion of mutation]
 14375 | D:10     | Gained mutation: You evolve. [potion of mutation]
 14375 | D:10     | Lost mutation: You are frail. (-10% HP) [potion of mutation]
 14633 | D:10     | Reached **** piety under Ashenzari
 14981 | D:11     | Reached skill level 10 in Dodging
 15004 | D:11     | Gained mutation: You have a somewhat thin skeletal structure. (Dex +2, Stealth) [mutagenic meat]
 15007 | D:11     | Lost mutation: Your flesh is cold resistant. (rC+) [mutagenic meat]
 15010 | D:11     | Gained mutation: Your spells are a little harder to cast, but a little more powerful. [mutagenic meat]
 15013 | D:11     | Gained mutation: You are partially covered in icy blue scales. (AC +2) [mutagenic meat]
 15070 | D:11     | Noticed a red ugly thing
 15077 | D:11     | Killed a red ugly thing
 15092 | D:11     | Reached skill level 10 in Spellcasting
 15521 | D:11     | Reached skill level 5 in Fighting
 15659 | D:11     | Reached skill level 10 in Earth Magic
 15660 | D:11     | Reached XP level 12. HP: 68/68 MP: 28/28
 15667 | D:11     | Reached skill level 10 in Transmutations
 16075 | D:11     | Lost mutation: You have sharp toenails. [evolution]
 16375 | D:12     | Noticed Erolcha
 16451 | D:12     | Killed Erolcha
 16458 | D:12     | Noticed Urug
 16475 | D:12     | Killed Urug
 16507 | D:12     | Learned a level 2 spell: Sublimation of Blood
 16513 | D:12     | Learned a level 5 spell: Irradiate
 16520 | D:12     | Learned a level 6 spell: Statue Form
 17633 | D:12     | Found a staircase to the Orcish Mines.
 17772 | Orc:1    | Entered Level 1 of the Orcish Mines
 17772 | Orc:1    | Noticed an orc high priest
 17775 | Orc:1    | Found a roughly hewn altar of Beogh.
 17781 | Orc:1    | Killed an orc high priest
 18058 | Orc:1    | Noticed an orc high priest
 18068 | D:12     | Gained mutation: You have sharp fingernails. [evolution]
 18068 | D:12     | Lost mutation: You evolve. [end of evolution]
 18369 | Orc:1    | Noticed Snorg
 18370 | Orc:1    | Killed Snorg
 18371 | Orc:1    | Found a frozen archway.
 18374 | Orc:1    | Reached XP level 13. HP: 29/74 MP: 30/30
 18376 | IceCv    | Entered an ice cave
 18938 | IceCv    | Identified the +9 scale mail of the Cast Vote {Str+3}
 18939 | IceCv    | Reached skill level 10 in Stealth
 18970 | IceCv    | Found an ancient bone altar of Kikubaaqudgha.
 19418 | IceCv    | Learned a level 3 spell: Ignite Poison
 19969 | Orc:1    | Found a runed door.
 19970 | Orc:1    | Noticed Fannar
 19985 | Orc:1    | Killed Fannar
 20257 | Orc:1    | Noticed a stone giant
 20257 | Orc:1    | Noticed Harold
 20285 | Orc:1    | Killed Harold
 20371 | Orc:1    | Killed a stone giant
 20622 | Orc:1    | Noticed Erica
 20640 | Orc:1    | Killed Erica
 20839 | Orc:1    | Found a roughly hewn altar of Beogh.
 21680 | Orc:2    | Entered Level 2 of the Orcish Mines
 22224 | Orc:2    | Reached XP level 14. HP: 65/82 MP: 1/33
 22672 | Orc:2    | Noticed an orc warlord
 22678 | Orc:2    | Killed an orc warlord
 22739 | Orc:2    | Noticed a stone giant
 22745 | Orc:2    | Killed a stone giant
 22842 | Orc:2    | Found Gumicoun's Food Emporium.
 22842 | Orc:2    | Found Byosogg's General Store.
 22850 | Orc:2    | Found Jauzazax's Armour Boutique.
 22850 | Orc:2    | Found Osuata's Armour Emporium.
 22903 | Orc:2    | Found Unaa's Weapon Emporium.
 22946 | Orc:2    | Found a staircase to the Elven Halls.
 23212 | Orc:2    | Bought an uncursed amulet of regeneration for 330 gold pieces
 23213 | Orc:2    | Bought a scroll of enchant armour for 82 gold pieces
 23255 | Orc:1    | Noticed an orc warlord
 23300 | Orc:2    | Killed an orc warlord
 23374 | Elf:1    | Entered Level 1 of the Elven Halls
 23853 | Elf:1    | Identified the ring of the Many Spirits {rCorr +Fly}
 23893 | Elf:1    | Noticed a deep elf elementalist
 23901 | Elf:1    | Reached ***** piety under Ashenzari
 24057 | Elf:1    | Killed a deep elf elementalist
 24372 | Orc:1    | Learned a level 6 spell: Iron Shot
 24506 | Elf:1    | Reached skill level 1 in Conjurations
 25058 | Elf:1    | Reached skill level 5 in Conjurations
 25442 | Elf:1    | Reached XP level 15. HP: 90/90 MP: 34/34
 25443 | Elf:1    | Reached XP level 16. HP: 96/96 MP: 35/35
 25469 | Elf:1    | Found Iphutt's Distillery.
 25641 | Elf:1    | Reached skill level 10 in Short Blades
 25802 | Elf:2    | Reached skill level 1 in Necromancy
 25978 | Elf:3    | Entered Level 3 of the Elven Halls
 26099 | Elf:3    | Noticed Nikola
 26109 | Elf:3    | Killed Nikola
 26522 | Elf:3    | Noticed Amnesiac's ghost (adept TrMo)
 26563 | Elf:3    | Killed Amnesiac's ghost
 26563 | Elf:3    | Reached skill level 5 in Necromancy
 27257 | Elf:3    | Found a roughly hewn altar of Beogh.
 28091 | Elf:2    | Found a runed gate.
 28092 | Elf:2    | Found a runed gate.
 28382 | Elf:2    | Found a runed gate.
 28956 | Elf:2    | Reached skill level 10 in Fighting
 29127 | Elf:2    | Reached XP level 17. HP: 51/102 MP: 26/36
 29135 | Elf:2    | HP: 4/102 [mace of protection (6)]
 29135 | Elf:2    | Slain by a deep elf knight

Vault maps used:
D:1:      enne_arrival_octagon_isle, serial_bayou_pond_b, hangedman_glass_teeth
D:2:      minmay_rats_cheesy_pizza
D:3:      old_standard_altar, ashenzari_altar_1, first_bread,
          minmay_misc_feat_plants, uniq_sigmund
D:4:      serial_shops, shop, nicolae_shop_window_shopping, shop_scrolls,
          nicolae_shop_window_shopping,
          nicolae_shop_temple_entry_statues_fountains, st_stairs_3,
          grunt_decor_clamped, trog_hazing_becter
D:5:      kennysheep_windowed_halls, serial_shops, nicolae_shop_window_shopping,
          uniq_menkaure
D:6:      serial_shops, shop
D:7:      elyvilon_altar_5, lemuel_doored_altar
D:8:      trog_ov_bears_minmay, minmay_lair_entry_grove, enter_bailey_8,
          hangedman_pestilent_swarm
D:9:      hangedman_incinerator, uniq_psyche
D:10:     hangedman_abyss_or_decor_lesser_grid
D:12:     kennysheep_orc_monster_closet_entryway,
          hangedman_decor_clover_reticule, uniq_erolcha, uniq_urug
Temple:   kb_temple_of_zot
Orc:1:    portal_ice_cave_entry_ice_beasts, special_room, basic_altar,
          nicolae_orc_pool_cavern, lightli_church_of_beogh, uniq_fannar,
          uniq_harold, uniq_erica, uniq_snorg
Orc:2:    grunt_orc_tribal_feast, serial_shops, nicolae_shop_window_shopping,
          nicolae_orc_stony_grotto
Elf:1:    eino_elf_arrival_customs, serial_shops, nicolae_shop_behind_doors,
          minmay_elf_crystal_heptagon
Elf:3:    minmay_elf_hall_furrowed, special_room, basic_stair_grate_trap,
          uniq_nikola
Bailey:   bailey_axe_bossmonster_kennysheep, bailey
IceCv:    ice_cave_small_necro

Skill      XL: |  1  2  3  4  5  6  7  8  9 10 11 12 13 14 15 16 |
---------------+-------------------------------------------------+-----
Earth Magic    | 4 6 7 9 10 12 13 | 13.3
Transmutations | 2 3 6 7 9 10 12 | 12.0
Short Blades   | 3 4 5 6 9 10 | 10.0
Stealth        | 5 6 7 9 10 11 | 11.0
Spellcasting   | 9 10 11 13 | 13.9
Dodging        | 9 10 11 12 | 12.1
Fighting       | 5 6 7 9 10 | 10.0
Conjurations   | 6 9 |  9.0
Necromancy     | 8 |  8.1
Shields        | 4 |  4.0

Action                   |  1- 3 |  4- 6 |  7- 9 | 10-12 | 13-15 | 16-18 || total
-------------------------+-------+-------+-------+-------+-------+-------++-------
Melee: Dagger            |   129 |   209 |   263 |   781 |   556 |   133 ||  2071
       Kick              |       |       |    46 |   149 |       |       ||   195
 Cast: Sandblast         |    11 |       |    62 |       |     7 |       ||    80
       Petrify           |       |       |    23 |   135 |   103 |    39 ||   300
       Lee's Rapid Decon |       |       |    14 |    47 |   108 |    46 ||   215
       Repel Missiles    |       |       |     2 |     2 |     1 |     2 ||     7
       Passwall          |       |       |     2 |    27 |    26 |    27 ||    82
       Irradiate         |       |       |       |       |     4 |       ||     4
       Statue Form       |       |       |       |       |     1 |       ||     1
       Iron Shot         |       |       |       |       |     1 |    81 ||    82
       Sublimation of Bl |       |       |       |       |       |    13 ||    13
Invok: Curse Item        |     1 |       |     4 |     2 |       |       ||     7
Evoke: Wand              |       |       |       |       |     1 |       ||     1
  Use: Scroll            |     3 |       |     1 |    27 |     8 |     1 ||    40
       Potion            |       |     1 |     1 |     1 |     6 |       ||     9
 Stab: Sleeping          |     1 |       |     6 |    30 |    23 |     8 ||    68
       Petrified         |       |       |    17 |    49 |    43 |     8 ||   117
       Petrifying        |       |       |     2 |    48 |    38 |    14 ||   102
       Distracted        |       |       |       |     2 |     1 |       ||     3
  Eat: Chunk             |     3 |     8 |    24 |    44 |    21 |    26 ||   126
       Meat ration       |       |       |       |     1 |       |       ||     1
       Bread ration      |       |       |       |       |     3 |     2 ||     5
       Pizza             |       |       |       |       |     2 |       ||     2
       Royal jelly       |       |       |       |       |       |     1 ||     1
       Beef jerky        |       |       |       |       |       |     1 ||     1
Armor: Robe              |     4 |       |    38 |    67 |    48 |    17 ||   174
       Plate armour      |   135 |   165 |     1 |       |       |       ||   301
       Skin              |       |       |       |       |    16 |       ||    16
Dodge: Dodged            |    11 |     3 |   220 |   704 |   414 |   122 ||  1474
       Deflected         |       |       |     5 |     2 |     5 |     2 ||    14
Block: Buckler           |       |       |       |       |       |    32 ||    32
